 Dungeon Crawl Stone Soup version 0.26-a0-639-g72c4674329 (webtiles) character file.

Game seed: 14531617838283379782

39741 Borgoz the Fighter (level 14, 0/94 HPs)
             Began as a Gargoyle Berserker on Sept 19, 2020.
             Was a High Priest of Trog.
             Slain by Kirke (15 damage)
             ... on level 14 of the Dungeon.
             The game lasted 00:27:25 (14666 turns).

Borgoz the Fighter (Gargoyle Berserker)            Turns: 14666, Time: 00:27:25

Health: 0/94       AC:  0    Str: 22    XL:     14   Next: 7%
Magic:  14/14      EV: 21    Int:  8    God:    Trog [*****.]
Gold:   1328       SH:  5    Dex: 13    Spells: 13/13 levels left

rFire    . . .     SeeInvis .   (weapon currently unavailable)
rCold    . . .     Faith    .   (shield currently unavailable)
rNeg     + . .     Spirit   .   (armour currently unavailable)
rPois    ∞         Reflect  +   (helmet currently unavailable)
rElec    .         Harm     .   (cloak currently unavailable)
rCorr    .         Rampage  .   (gloves currently unavailable)
MR       +....                  (boots currently unavailable)
Stlth    +++.......             D - amulet of reflection
HPRegen  0.25/turn              (ring currently unavailable)
MPRegen  0.14/turn              (ring currently unavailable)

@: pig-form, barbed spikes, berserk cooldown, slowed
A: small, negative energy resistance 1, petrification resistance, rot immunity,
AC +10
a: Berserk, Trog's Hand, Brothers in Arms, Renounce Religion


You were on level 14 of the Dungeon.
You worshipped Trog.
Trog was extremely pleased with you.
You were a filthy swine.
You visited 1 branch of the dungeon, and saw 14 of its levels.
You also visited: Ice Cave.

You collected 1667 gold pieces.
You spent 339 gold pieces at shops.

Inventory:

Hand Weapons
 a - a +3 great mace (melded)
 n - the +1 arbalest of Oniel {penet, Int+7}
   (You found it on level 7 of the Dungeon)

   Ammo fired by it will pass through the targets it hits, potentially hitting
   all targets in its path until it reaches maximum range.
   It affects your intelligence (+7).
 I - the +1 halberd "Muacebil" {venom, +Blink rPois MR- Stlth+}
   (You found it on level 9 of the Dungeon)

   It poisons the flesh of those it strikes.
   It protects you from poison.
   It affects your resistance to hostile enchantments.
   It lets you blink.
   It makes you more stealthy.
 M - the +1 long sword of the People {freeze, rF- Str+4 Int+9 SInv}
   (You found it on level 12 of the Dungeon)

   It has been specially enchanted to freeze those struck by it, causing extra
   injury to most foes and up to half again as much damage against particularly
   susceptible opponents.
   It can also slow down cold-blooded creatures.
   It affects your strength (+4).
   It affects your intelligence (+9).
   It makes you vulnerable to fire.
   It lets you see invisible.
Armour
 b - a +2 cloak of stealth (melded)
 h - +0 ice dragon scales
 i - a +2 helmet (melded)
 o - a +0 pair of gloves (melded)
 y - the +1 ring mail of Gallantry (melded) {Regen+ Str+4 Int+3}
   (You found it on level 5 of the Dungeon)

   It affects your strength (+4).
   It affects your intelligence (+3).
   It increases your rate of regeneration.
 z - a +2 pair of boots of stealth (melded)
 G - +0 acid dragon scales
 K - a +1 troll leather armour {Snorg}
Jewellery
 A - a +6 ring of strength (melded)
 B - an uncursed ring of see invisible
 C - the ring "Guheasue" (melded) {rC+ MP+9 Dex+6}
   (You found it in an ice cave)

   [ring of magical power]

   It affects your dexterity (+6).
   It protects you from cold.
   It affects your magic capacity (+9).
 D - an amulet of reflection (around neck)
 N - an uncursed ring of positive energy
Wands
 p - a wand of iceblast (3)
 q - a wand of digging (1)
 t - a wand of acid (18)
 u - a wand of disintegration (8)
 E - a wand of paralysis (10)
Scrolls
 d - a scroll of enchant armour
 e - 5 scrolls of fear
 f - 3 scrolls of magic mapping
 k - 4 scrolls of teleportation
 m - 2 scrolls of summoning {unknown}
 v - 7 scrolls of remove curse
 x - a scroll of holy word
 H - a scroll of silence
 J - a scroll of brand weapon {unknown}
 O - a scroll of enchant weapon {unknown}
 Q - a scroll of identify
Potions
 c - 3 potions of heal wounds
 g - 4 potions of mutation
 j - 3 potions of curing
 l - a potion of invisibility
 r - 3 potions of flight
 s - a potion of berserk rage
 w - a potion of haste
 F - 2 potions of stabbing
 L - 2 potions of resistance
 P - 2 potions of might


   Skills:
 * Level 13.1 Fighting
 * Level 12.1 Maces & Flails
 * Level 12.8 Armour
 * Level 10.2 Dodging
 - Level 5.0 Stealth


You had 13 spell levels left.
You didn't know any spells.
Your spell library was empty.

Dungeon Overview and Level Annotations

Branches:
Dungeon (14/15)            Temple (0/1) D:5            Lair (0/6) D:9
    Orc (0/2) D:12         Vaults (0/5) D:13          IceCv (visited)

Altars:
Elyvilon
Fedhas
Gozag
Makhleb
Ru
Vehumet
Xom
Yredelemnul
Zin

Shops:
D:4 }   D:7 !   D:13 :*:=!

Annotations:
D:14 Kirke


Innate Abilities, Weirdness & Mutations

You are resistant to torment.
((Your stone body is resilient. (AC +10)))
You are immune to poison.
((Your large and strong wings let you fly indefinitely.))
You resist negative energy. (rN+)
((You are resistant to electric shocks. (rElec)))
((You can survive without breathing.))
You are immune to petrification.
You are immune to rotting.


Message History

* * * LOW HITPOINT WARNING * * *
The manticore completely misses you. The manticore misses you.
The manticore completely misses you.
Okay, then.
The barbs in your skin will harm you if you move.
Continue?
Okay, then.
The barbs in your skin will harm you if you move.
Continue?
Okay, then.
You feel much better.
Kirke points at you and mumbles some strange words.
You feel a momentary urge to oink. The manticore completely misses you.
The manticore claws you! x2
* * * LOW HITPOINT WARNING * * *
Kirke closely misses you.
You feel much better. The manticore bites you!
* * * LOW HITPOINT WARNING * * *
The manticore claws you!
* * * LOW HITPOINT WARNING * * *
The manticore completely misses you. Kirke hits you!
You die...

#############
#.......#...##
#........###.#
...##....H#
#.#
#.##@h###.#
... #.#...##
... ...##.##
...#####.##.#
##. ..##.# .
####.# ##.#
###..####
#.......#


You could see Kirke and a manticore (summoned).

Vanquished Creatures
  Louise (D:14)
  Josephine (D:13)
  Snorg (D:12)
  An ice dragon (IceCv)
  5 vault guards (D:13)
  A two-headed ogre (D:8)
  3 skeletal warriors (D:12)
  An unseen horror (D:10)
  The ghost of Caleiyous the Basher, a novice GrFi (D:7)
  A deep elf archer (D:13)
  2 orc sorcerers (D:13)
  3 manticores
  2 wolf spider zombies
  2 cyclopes
  5 ugly things
  A gargoyle (D:13)
  2 ice statues (IceCv)
  Maggie (D:8)
  Maurice (D:8)
  7 centaur skeletons
  2 rime drakes (IceCv)
  A freezing wraith (D:11)
  4 guardian mummies (D:13)
  3 meliai (D:13)
  4 trolls
  A hornet (D:13)
  Grinder (D:3)
  4 hippogriffs
  A meliai zombie (D:14)
  Sigmund (D:3)
  3 shadows
  A centaur simulacrum (D:13)
  8 wraiths
  10 yaks
  3 hogs (D:14)
  A human (D:13)
  5 vampire mosquitoes
  3 wargs (D:9)
  5 orc warriors
  29 ice beasts
  3 black bears
  A sky beast (D:7)
  5 ogres
  An eye of draining (D:13)
  2 necrophages (D:7)
  2 wolves (D:9)
  15 centaurs
  2 crocodiles (D:10)
  4 big kobolds
  11 bullfrogs
  Blork the orc (D:6)
  3 scorpions
  8 wights
  A killer bee (shapeshifter) (D:13)
  3 howler monkeys
  3 centaur zombies
  6 bullfrog zombies
  10 hounds
  3 bullfrog skeletons
  9 orc priests
  4 jellies
  Jessica (D:3)
  5 iguanas
  10 orc wizards
  13 worker ants
  4 hound skeletons
  4 mummies (D:13)
  A worker ant zombie (D:5)
  Robin (D:2)
  10 adders
  4 gnolls (D:5)
  A shadow imp (D:7)
  9 white imps
  A worker ant simulacrum (D:9)
  An ufetubus (D:5)
  2 adder zombies
  5 worms
  2 dart slugs
  A leopard gecko (D:4)
  47 orcs
  2 ball pythons
  11 bats
  6 giant cockroaches
  12 goblins
  8 hobgoblins
  14 jackals
  3 quokkas
  5 frilled lizards
  26 kobolds
  2 quokka zombies
  7 rats
447 creatures vanquished.

Vanquished Creatures (collateral kills)
  An ice dragon (IceCv)
  A skeletal warrior (D:12)
2 creatures vanquished.

Vanquished Creatures (others)
  A sky beast (D:11)
1 creature vanquished.

Grand Total: 450 creatures vanquished

Notes
Turn   | Place    | Note
-------+----------+-------------------------------------------
     0 | D:1      | Borgoz the Gargoyle Berserker began the quest for the Orb.
     0 | D:1      | Reached XP level 1. HP: 14/14 MP: 1/1
   287 | D:1      | Reached XP level 2. HP: 17/19 MP: 2/2
   991 | D:2      | Noticed Robin
   999 | D:1      | Reached XP level 3. HP: 21/23 MP: 3/3
  1253 | D:2      | Killed Robin
  1330 | D:2      | Found a sacrificial altar of Ru.
  1487 | D:2      | Found a blossoming altar of Fedhas.
  1520 | D:2      | Reached XP level 4. HP: 27/29 MP: 4/4
  2003 | D:3      | Reached skill level 4 in Fighting
  2008 | D:3      | Reached ** piety under Trog
  2208 | D:3      | Found a radiant altar of Vehumet.
  2236 | D:3      | Noticed Sigmund
  2256 | D:3      | Killed Sigmund
  2256 | D:3      | Reached XP level 5. HP: 34/34 MP: 5/5
  2256 | D:3      | Reached XP level 6. HP: 39/39 MP: 6/6
  2285 | D:3      | Noticed Grinder
  2285 | D:3      | Noticed Jessica
  2297 | D:3      | Killed Jessica
  2311 | D:3      | Killed Grinder
  2311 | D:3      | Reached skill level 5 in Fighting
  2311 | D:3      | Reached XP level 7. HP: 29/44 MP: 7/7
  2748 | D:4      | You fall into a shaft and drop 2 floors!
  2759 | D:6      | Reached skill level 5 in Maces & Flails
  2860 | D:6      | Reached skill level 5 in Armour
  2953 | D:5      | Entered Level 5 of the Dungeon
  2978 | D:5      | Got a transparent ring mail
  2989 | D:5      | Identified the cursed +1 ring mail of Gallantry {Regen+
                  | Str+4 Int+3} (You found it on level 5 of the Dungeon)
  3020 | D:5      | Reached XP level 8. HP: 40/51 MP: 8/8
  3186 | D:4      | Reached skill level 6 in Fighting
  3748 | D:4      | Found Poijadu's Gadget Shoppe.
  4080 | D:5      | Found a staircase to the Ecumenical Temple.
  4221 | D:5      | Noticed a troll
  4232 | D:5      | Killed a troll
  4238 | D:5      | Reached *** piety under Trog
  4316 | D:5      | Found a basalt altar of Yredelemnul.
  4406 | D:5      | Found a white marble altar of Elyvilon.
  4682 | D:6      | Found an opulent altar of Gozag.
  4741 | D:6      | Noticed Blork the orc
  4752 | D:6      | Killed Blork the orc
  4771 | D:6      | Reached skill level 7 in Fighting
  4771 | D:6      | Reached XP level 9. HP: 39/57 MP: 9/9
  5243 | D:6      | Reached skill level 5 in Dodging
  5335 | D:7      | Found a runed translucent gate.
  5335 | D:7      | Found an opulent altar of Gozag.
  5337 | D:7      | Found a runed translucent gate.
  5337 | D:7      | Found a runed translucent gate.
  5338 | D:7      | Noticed Caleiyous's ghost (novice GrFi)
  5700 | D:7      | Reached **** piety under Trog
  5734 | D:7      | Found a burning altar of Makhleb.
  5789 | D:7      | Got a masterwork arbalest
  5956 | D:7      | Found Rousoll's Distillery.
  5959 | D:7      | Bought a potion of berserk rage for 60 gold pieces
  6258 | D:7      | Reached skill level 8 in Fighting
  6456 | D:8      | Noticed a two-headed ogre
  6467 | D:8      | Killed a two-headed ogre
  6467 | D:8      | Reached XP level 10. HP: 35/65 MP: 10/10
  6582 | D:8      | Noticed Maurice
  6738 | D:8      | Found a glowing silver altar of Zin.
  6738 | D:8      | Found a shimmering altar of Xom.
  6738 | D:8      | Noticed an angel
  6749 | D:8      | Noticed Maggie
  6783 | D:8      | Paralysed by something for 4 turns
  6793 | D:8      | Identified the +1 arbalest of Oniel {penet, Int+7} (You
                  | found it on level 7 of the Dungeon)
  6795 | D:8      | Killed Maurice
  7047 | D:7      | Killed Caleiyous's ghost
  7047 | D:7      | Reached skill level 9 in Fighting
  7435 | D:9      | Found a staircase to the Lair.
  7569 | D:9      | Reached ***** piety under Trog
  7712 | D:9      | Reached XP level 11. HP: 43/72 MP: 11/11
  8161 | D:10     | Entered Level 10 of the Dungeon
  8271 | D:10     | Reached skill level 10 in Fighting
  8343 | D:10     | Killed an unseen horror
  8592 | D:10     | Received a gift from Trog
  9284 | D:11     | Noticed a cyan ugly thing
  9344 | D:11     | Reached skill level 10 in Armour
  9368 | D:11     | Found a frozen archway.
  9386 | D:11     | Reached skill level 1 in Stealth
  9439 | IceCv    | Entered an ice cave
  9907 | IceCv    | Reached XP level 12. HP: 63/79 MP: 12/12
  9948 | IceCv    | Noticed an ice dragon
  9948 | IceCv    | Noticed an ice dragon
  9966 | IceCv    | Killed an ice dragon
  9966 | IceCv    | Reached skill level 10 in Maces & Flails
  9975 | IceCv    | Killed an ice dragon
  9975 | IceCv    | Reached skill level 11 in Fighting
 10035 | IceCv    | Got a scintillating lead ring
 10056 | IceCv    | Identified the ring "Guheasue" {rC+ MP+9 Dex+6} (You found
                  | it in an ice cave)
 11373 | D:7      | Bought a potion of mutation for 96 gold pieces
 11559 | D:8      | Killed Maggie
 11615 | D:9      | Got a scorched halberd
 11708 | D:12     | Found a staircase to the Orcish Mines.
 11951 | D:12     | Noticed Snorg
 12026 | D:12     | Killed Snorg
 12239 | D:12     | Got an ebony long sword
 12264 | D:12     | Received a gift from Trog
 12275 | D:12     | Identified the cursed +1 long sword of the People {freeze,
                  | rF- Str+4 Int+9 SInv} (You found it on level 12 of the
                  | Dungeon)
 12279 | D:12     | Identified the +1 halberd "Muacebil" {venom, +Blink rPois
                  | MR- Stlth+} (You found it on level 9 of the Dungeon)
 12483 | D:12     | Reached XP level 13. HP: 85/85 MP: 13/13
 12597 | D:13     | Reached skill level 12 in Fighting
 12603 | D:13     | Reached skill level 5 in Stealth
 12674 | D:13     | Found Orchoyn's Book Shop.
 12695 | D:13     | Found Rimiprypa's General Store.
 12698 | D:13     | Found Tesygg's Jewellery Shoppe.
 12704 | D:13     | Found Yhyl Ji Yhu's Book Shoppe.
 12748 | D:13     | Bought a scroll of teleportation for 57 gold pieces
 12951 | D:13     | Noticed a reaper
 12951 | D:13     | Noticed a reaper
 12951 | D:13     | Noticed a reaper
 12951 | D:13     | Noticed a reaper
 12953 | D:13     | Noticed a reaper
 13069 | D:13     | Noticed Josephine
 13089 | D:13     | Killed Josephine
 13371 | D:13     | Found Siemu's Distillery.
 13374 | D:13     | Bought a potion of heal wounds for 70 gold pieces
 13374 | D:13     | Bought a potion of might for 56 gold pieces
 13381 | D:13     | Noticed a vault guard
 13430 | D:13     | Noticed a vault guard
 13442 | D:13     | Noticed a vault guard
 13747 | D:13     | Killed a vault guard
 13787 | D:13     | Killed a vault guard
 13812 | D:13     | Killed a vault guard
 13831 | D:13     | Found a gate to the Vaults.
 13831 | D:13     | Noticed a vault guard
 13832 | D:13     | Noticed a vault guard
 13841 | D:13     | Killed a vault guard
 13848 | D:13     | Killed a vault guard
 13848 | D:13     | Reached skill level 10 in Dodging
 14039 | D:14     | Reached skill level 13 in Fighting
 14060 | D:14     | Received a gift from Trog
 14333 | D:14     | Gained mutation: Your large and strong wings let you fly
                  | indefinitely. [Gargoyle growth]
 14333 | D:14     | Reached XP level 14. HP: 93/94 MP: 14/14
 14395 | D:14     | Noticed Louise
 14419 | D:14     | Killed Louise
 14628 | D:14     | Noticed Kirke
 14666 | D:14     | Slain by Kirke

Illustrated notes

Levels and vault maps discovered:
D:1:      dpeg_arrival_rooms_c, layout_basic, hangedman_decor_growths
D:2:      layout_basic, fedhas_ov_isle_minmay, old_standard_altar, uniq_robin
D:3:      layout_basic, lemuel_round_altar, uniq_grinder, uniq_jessica,
          uniq_sigmund
D:4:      layout_gridville, serial_shops, kennysheep_mini,
          minmay_misc_feat_nine_boxes
D:5:      layout_basic, kennysheep_ying_yang,
          minmay_temple_entry_drinking_statues, grunt_decor_cap
D:6:      layout_basic, nicolae_gozag_seed_capital, roderic_serpentine_path,
          uniq_blork_the_orc
D:7:      layout_basic, makhleb_blood_cavern_becter, serial_shops,
          kennysheep_mini_moat, ebering_ghost_gozag, serial_rivers,
          chequers_serial_rivers_marsh, chequers_serial_rivers_micro_b,
          chequers_serial_rivers_micro_a, chequers_serial_rivers_micro_b,
          chequers_serial_rivers_room_b
D:8:      layout_loops_ring, grunt_temple_overflow_order_and_chaos_1,
          uniq_maurice, uniq_maggie
D:9:      layout_loops_ring, erik_lair_orcish_takeover, serial_ice,
          serial_ice_h, serial_ice_f, serial_ice_j, serial_ice_m
D:10:     layout_cave_pods, chequers_serial_rivers_small_b
D:11:     layout_grid_maze, portal_ice_cave_entry_ice_beasts
D:12:     layout_loops_ring, orc_david_3, uniq_snorg
D:13:     layout_roguey, grunt_vaults_entry_fortified, serial_shops,
          nicolae_shop_window_shopping, nicolae_shop_waterfront, shop, shop,
          shop, hangedman_weighted_door, minmay_guarded_unrand_curses,
          uniq_josephine
D:14:     layout_loops_cross, minmay_misc_feat_enclosed,
          kennysheep_decorative_pillar, hangedman_abyss_or_decor_stagger,
          kennysheep_dice, uniq_kirke, uniq_louise

Skill      XL: |  1  2  3  4  5  6  7  8  9 10 11 12 13 |
---------------+----------------------------------------+-----
Dodging        | 2 3 4 6 7 8 9 10 | 10.2
Armour         | 3 4 5 6 8 9 10 11 12 | 12.8
Fighting       | 4 5 7 8 9 10 11 13 | 13.1
Maces & Flails | 4 5 6 7 8 9 11 12 | 12.1
Stealth        | 2 4 5 |  5.0

Action                   |  1- 3 |  4- 6 |  7- 9 | 10-12 | 13-15 || total
-------------------------+-------+-------+-------+-------+-------++-------
Melee: Mace              |   112 |    59 |       |       |       ||   171
       Dire flail        |       |    52 |   429 |   195 |       ||   676
       Morningstar       |       |       |       |   701 |       ||   701
       Great mace        |       |       |       |     5 |   297 ||   302
       Unarmed           |       |       |       |       |    18 ||    18
Invok: Berserk           |       |     1 |     2 |    14 |     5 ||    22
       Trog's Hand       |       |     1 |       |       |     2 ||     3
       Brothers in Arms  |       |       |       |     3 |       ||     3
Evoke: Wand              |       |       |       |     5 |     7 ||    12
  Use: Potion            |       |     2 |       |     3 |     2 ||     7
       Scroll            |       |       |    16 |     9 |     5 ||    30
 Stab: Sleeping          |       |       |       |     6 |     7 ||    13
       Invisible         |       |       |       |     4 |       ||     4
       Distracted        |       |       |       |     2 |     1 ||     3
Armor: Animal skin       |    20 |       |       |       |       ||    20
       Chain mail        |    82 |    13 |       |       |       ||    95
       Scale mail        |       |    74 |    38 |       |       ||   112
       Ring mail         |       |       |   202 |   520 |   168 ||   890
Dodge: Dodged            |    79 |    84 |   298 |   802 |   299 ||  1562
Block: Other             |       |       |       |    62 |    87 ||   149
       Reflection        |       |       |       |     2 |     9 ||    11

Table legend: (Time is in decaauts)
 A = Elapsed time spent in this place.
 B = Non-inter-level travel time spent in this place.
 C = Inter-level travel time spent in this place.
 D = Time resting spent in this place.
 E = Time spent auto-exploring this place.
 F = Levels seen in this place.
 G = Mean time per level.
                   A        B        C        D        E       F      G
               +--------+--------+--------+--------+--------+-----+--------+
         Total |  14980 |  14115 |    865 |   1304 |   8971 |  15 |  998.7 |
       Dungeon |  14225 |  13360 |    865 |   1152 |   8626 |  14 | 1016.1 |
      Ice Cave |    754 |    754 |      0 |    151 |    345 |   1 |  754.0 |
               +--------+--------+--------+--------+--------+-----+--------+

Top non-repeatable levels by time:
    D:13: 1497 daAuts
     D:7: 1403 daAuts
    D:11: 1369 daAuts
    D:10: 1255 daAuts
     D:1: 1254 daAuts
     D:9: 917 daAuts
     D:6: 907 daAuts
     D:5: 888 daAuts
     D:8: 877 daAuts
     D:4: 803 daAuts
    D:12: 786 daAuts
     D:2: 778 daAuts
     D:3: 763 daAuts
   IceCv: 754 daAuts
    D:14: 720 daAuts
